 Dungeon Sprint DCSS version 0.19.0-11-g3fc08b3 (webtiles) character file.

42 equalderp2856 the Scratcher (level 3, -14/18 HPs)
             Began as a Felid Fighter on Nov 8, 2016.
             Demolished by a four-headed hydra (17 damage)
             ... in the Dungeon (Sprint IX: "|||||||||||||||||||||||||||||").
             The game lasted 00:01:38 (192 turns).

equalderp2856 the Scratcher (Felid Fighter)          Turns: 192, Time: 00:01:38

Health: -14/18     AC:  1    Str: 13    XL:     3   Next: 35%
Magic:  4/4        EV: 22    Int:  9    God:
Gold:   0          SH:  0    Dex: 15    Spells: 0 memorised, 2 levels left
                                        Lives:  0   Deaths: 1

rFire  . . .     SeeInvis +       - Unarmed
rCold  . . .     Gourm    .     (armour unavailable)
rNeg   . . .     Faith    .     (shield unavailable)
rPois  .         Spirit   .     (helmet unavailable)
rElec  .         Reflect  .     (cloak unavailable)
rCorr  .         Harm     .     (gloves unavailable)
MR     .....     NoTele   +     (boots unavailable)
Stlth  ++........               (no amulet)
                                (no ring)
                                (no ring)

@: quick
A: no armour, no weapons or thrown items, stealth, claws 1, fangs 3, see
invisible, carnivore 3, speed 1, shaggy fur 1, slow metabolism 1, sharp paws
a: no special abilities


You were in the Dungeon.
You were not hungry.

You visited 1 branch

Inventory:

Hand Weapons
 i - a +0 club
Jewellery
 n - a +2 ring of evasion
 o - a +3 ring of strength
Wands
 m - a wand of acid (7/15)
Scrolls
 h - 2 scrolls of blinking
 k - 3 scrolls of remove curse
 l - 2 scrolls of amnesia
Potions
 a - a potion of might
 c - 4 potions of curing
 d - 3 potions of heal wounds
 e - a potion of haste
 f - 4 potions of magic
 g - a potion of berserk rage
 j - a potion of invisibility
Comestibles
 b - a meat ration


   Skills:
 + Level 4.6 Fighting
 + Level 6.8 Dodging
 + Level 7.9 Unarmed Combat


You had 2 spell levels left.
You didn't know any spells.

Dungeon Overview and Level Annotations

Branches:
Dungeon (1/1)

Altars:
Cheibriados
Dithmenos
Elyvilon
Fedhas
Gozag
Hepliaklqana
Kikubaaqudgha
Makhleb
Nemelex Xobeh
Okawaru
Qazlal
Ru
Sif Muna
Trog
Uskayaw
Vehumet
Xom
Yredelemnul
Zin
The Shining One
Beogh
Jiyva
Lugonu


Innate Abilities, Weirdness & Mutations

You cannot wear armour.
You are incapable of wielding weapons or throwing items.
Your paws allow you to move quietly. (Stealth)
You have sharp claws.
You have razor-sharp teeth.
You have supernaturally acute eyesight. (SInv)
You are carnivorous and can eat meat at any time.
You cover ground quickly.
You are covered in fur. (AC +1)
You have a slow metabolism.
Your sharp claws are effective at attacking unaware monsters.


Message History

You scratch the wight but do no damage. Your bite misses the wight.
The wight misses you.
You barely miss the wight. You scratch the wight.
You bite the wight, but do no damage.
The wight is moderately damaged.
You scratch the four-headed hydra.
The four-headed hydra is lightly wounded.
You scratch the four-headed hydra.
The four-headed hydra is lightly wounded.
The four-headed hydra bites you. The four-headed hydra misses you. x2
The four-headed hydra closely misses you.
You claw the four-headed hydra!
The four-headed hydra is lightly wounded.
The four-headed hydra bites you!
Ouch! That really hurt!
* * * LOW HITPOINT WARNING * * *
The four-headed hydra barely misses you.
The four-headed hydra bites you!
Ouch! That really hurt!
You die...

▓▓▓▓▓▓▓▓▓▓▓▓▓▓▓▓▓▓▓
..................▓
▓▓▓▓▓▓▓▓▓▓▓▓▓▓▓▓▓.▓
.'O.Z..o


.aKaYzD@.▓ ▓▓▓▓▓▓▓▓ ▓▓▓▓▓▓▓▓▓▓ You could see a four-headed hydra, a yak, a big
kobold, 2 worker ants and a wight.

Vanquished Creatures
  A howler monkey (D)
  2 orc wizards (D)
  An adder (D)
  A leopard gecko (D)
  An orc (D)
  2 hobgoblins (D)
  A jackal (D)
  A kobold (D)
  A bat (D)
  A frilled lizard (D)
12 creatures vanquished.

Notes
Turn   | Place    | Note
-------+----------+-------------------------------------------
     0 | D        | equalderp2856 the Felid Fighter began the quest for the Orb.
     0 | D        | Reached XP level 1. HP: 10/10 MP: 2/2
    17 | D        | Reached skill level 5 in Unarmed Combat
    24 | D        | Noticed a howler monkey
    30 | D        | Reached XP level 2. HP: 12/14 MP: 3/3
    35 | D        | Reached skill level 5 in Dodging
    53 | D        | Killed a howler monkey
    53 | D        | Reached skill level 7 in Unarmed Combat
    53 | D        | Reached XP level 3. HP: 13/18 MP: 4/4
    67 | D        | Found a roughly hewn altar of Beogh.
    67 | D        | Found a snail-covered altar of Cheibriados.
    67 | D        | Found a shadowy altar of Dithmenos.
    67 | D        | Found a white marble altar of Elyvilon.
    67 | D        | Found a blossoming altar of Fedhas.
    67 | D        | Found an opulent altar of Gozag.
    68 | D        | Found a hazy altar of Hepliaklqana.
    69 | D        | Found a viscous altar of Jiyva.
    70 | D        | Found an ancient bone altar of Kikubaaqudgha.
    71 | D        | Found a corrupted altar of Lugonu.
    72 | D        | Found a burning altar of Makhleb.
    73 | D        | Found a sparkling altar of Nemelex Xobeh.
    74 | D        | Found an iron altar of Okawaru.
    75 | D        | Found a stormy altar of Qazlal.
    76 | D        | Found a sacrificial altar of Ru.
    77 | D        | Found a deep blue altar of Sif Muna.
    78 | D        | Found a bloodstained altar of Trog.
    79 | D        | Found a hide-covered altar of Uskayaw.
    80 | D        | Found a radiant altar of Vehumet.
    81 | D        | Found a shimmering altar of Xom.
    82 | D        | Found a basalt altar of Yredelemnul.
    83 | D        | Found a glowing silver altar of Zin.
    84 | D        | Found a glowing golden altar of the Shining One.
   109 | D        | Noticed a killer bee
   109 | D        | Noticed a two-headed ogre
   127 | D        | Reached XP level 4. HP: 20/22 MP: 5/5
   145 | D        | Slain by a killer bee
   146 | D        | Reached XP level 3. HP: -1/18 MP: 4/4
   185 | D        | Noticed a big kobold
   185 | D        | Noticed a yak
   185 | D        | Noticed a four-headed hydra
   192 | D        | Demolished by a four-headed hydra

Skill      XL: |  1  2  3 |
---------------+----------+-----
Unarmed Combat | 5 7 |  7.9
Dodging        | 5 6 |  6.8
Fighting       | 4 |  4.6

Action                   |  1- 3 |  4- 6 || total
-------------------------+-------+-------++-------
Melee: Unarmed           |    38 |    15 ||    53
       Punch             |     1 |       ||     1
       Bite              |     1 |     1 ||     2
  Use: Potion            |       |     1 ||     1
 Stab: Sleeping          |     1 |       ||     1
Armor: Skin              |     1 |     1 ||     2
Dodge: Dodged            |    29 |    21 ||    50
